 Dungeon Crawl Stone Soup version 0.16.0-1-gbc1383b (console) character file.

13102 gw the Basher (level 11, -1/90 (93) HPs)
             Began as a Deep Dwarf Chaos Knight on Mar 13, 2015.
             Slain by a five-headed hydra (3 damage)
             ... on level 3 of the Lair of Beasts.
             The game lasted 00:15:01 (12282 turns).

gw the Basher (Deep Dwarf Chaos Knight)            Turns: 12282, Time: 00:15:01

HP:   -1/90 (93)    AC: 24    Str: 14 (15) XL:     11   Next: 71%
MP:   0/0           EV:  5    Int:  9 (12) God:    Xom [*.....]
Gold: 976           SH:  0    Dex: 11 (15) Spells: 0 memorised, 10 levels left

rFire  + + .     SeeInvis .     w - +0 dire flail
rCold  . . .     Clarity  .     n - +2 plate armour
rNeg   + . .     SustAb   .     (no shield)
rPois  .         Gourm    .     i - +2 helmet
rElec  .         Spirit   .     a - +0 cloak of Intercession {-Cast rF++} (curse)
rCorr  .         Warding  +     u - +2 pair of gloves
rMut   .         Stasis   .     (no boots)
MR     +....     NoCast   +     o - amulet of warding
Stlth  ..........               (no ring)
                                (no ring)

@: starving, non-regenerating, somewhat resistant to hostile enchantments,
extremely unstealthy
A: damage resistance, recharge devices, talons 1, breathe flames 1, frail 1,
sense surroundings 2, screaming 2, slow healing 3, weak 1
a: Device Recharging, Renounce Religion, Breathe Fire


You were on level 3 of the Lair of Beasts.
You worshipped Xom.
You were a special plaything of Xom.
You were starving.

You visited 2 branches of the dungeon, and saw 14 of its levels.

You collected 976 gold pieces.

Inventory:

Hand weapons
 b - a +0 hand crossbow
 w - a +0 dire flail (weapon)
Missiles
 r - 5 bolts
Armour
 a - the cursed +0 cloak of Intercession (worn) {-Cast rF++}
   (You found it on level 2 of the Lair of Beasts)

   It greatly protects you from fire.
   It prevents spellcasting.
   It has a curse placed upon it.
 i - a +2 helmet (worn)
 n - a +2 plate armour (worn)
 u - a +2 pair of gloves (worn)
Jewellery
 o - an amulet of warding (around neck)
Magical devices
 c - a wand of heal wounds (0)
 j - a wand of slowing (20)
 q - a wand of magic darts (18)
 t - a wand of random effects (6)
Scrolls
 e - 9 scrolls of identify
 h - 8 scrolls of remove curse
 x - a scroll of vulnerability
Comestibles
 d - 8 bread rations
 f - 2 beef jerkies
 g - a royal jelly
 k - 9 slices of pizza
 l - 8 meat rations
 m - 40 fruits


   Skills:
 + Level 8.6 Fighting
 * Level 12.6 Maces & Flails
 + Level 7.9 Crossbows
 + Level 9.7 Armour
 - Level 1.1 Dodging


You had 10 spell levels left.
You didn't know any spells.

Dungeon Overview and Level Annotations

Branches:
Dungeon (11/15)            Temple (0/1) D:4            Lair (3/8) D:10
    Orc (0/4) D:10
  Swamp: Lair:3-6    Shoals: Lair:3-6     Snake: Lair:3-6    Spider: Lair:3-6

Altars:
Dithmenos
Qazlal
Ru
Sif Muna
Xom
Beogh

Shops:
D:6 (


Innate Abilities, Weirdness & Mutations

You are resistant to damage.
You can recharge devices by infusing magical energy.
You passively map the area around you.
You do not heal naturally.
You have sharp toenails.
You can breathe flames.
You are frail (-10% HP).
You sometimes yell uncontrollably at your foes.
You are weak. (Str -2)


Message History

The five-headed hydra is engulfed in seething chaos.
The five-headed hydra seems to slow down.
The five-headed hydra bites you but does no damage.
The five-headed hydra barely misses you. x2
The five-headed hydra bites you but does no damage. x2
Unknown command.
Unknown command.
Unknown command.
Unknown command.
ATTACKING (1,-1)
You hit the five-headed hydra but do no damage.
You claw the five-headed hydra, but do no damage.
The five-headed hydra is severely wounded.
The five-headed hydra is engulfed in seething chaos.
The five-headed hydra shakes off its lethargy.
The five-headed hydra goes berserk!
The five-headed hydra bites you.
The five-headed hydra bites you but does no damage.
The five-headed hydra bites you.
You die...
Xom cackles wildly!

, , ,,...# , .... ,
,...#* , , ,#.S## ,
#...# , ** *#...## , *
*#¤¤## , * ###D.#
#.g#.### , * ####...#
##..## , * #...###
###...# , , #..#### ,
##### ##...#.###
**.#####...####.#......#
, ........<............#


You could see a five-headed hydra (berserk).

Table legend:
 A = Turns spent in this place as a percentage of turns spent in the entire game.
 B = Non-inter-level travel turns spent in this place as a percentage of non-inter-level travel turns spent in the entire game.
 C = Inter-level travel turns spent in this place as a percentage of turns spent in this place.
 D = Turns resting spent in this place as a percentage of non-inter-level travel turns spent in this place.
 E = Turns spent auto-exploring this place as a percentage of non-inter-level travel turns spent in this place.
 F = Non-inter-level travel turns spent in this place divided by the number of levels of this place that you've seen.
                   A       B       C       D       E      F
               +-------+-------+-------+-------+-------+----------------------
         Total | 100.0 | 100.0 |   0.4 |   0.0 |   2.1 | 2000.8
       Dungeon |  76.2 |  76.2 |   0.4 |   0.1 |   2.4 | 1941.4
          Lair |  23.8 |  23.8 |   0.4 |   0.0 |   1.3 | 2218.7
               +-------+-------+-------+-------+-------+----------------------

Table legend:
 A = Kills in this place as a percentage of kills in entire the game.
 B = Kills by you in this place as a percentage of kills by you in the entire game.
 C = Kills by friends in this place as a percentage of kills by friends in the entire game.
 D = Other kills in this place as a percentage of other kills in the entire game.
 E = Experience gained in this place as a percentage of experience gained in the entire game.
 F = Experience gained in this place divided by the number of levels of this place that you have seen.
                   A       B       C       D       E      F
               +-------+-------+-------+-------+-------+----------------------
         Total | 100.0 | 100.0 | 100.0 |  -nan | 100.0 | 1337.0
       Dungeon |  81.4 |  80.7 |  94.1 |  -nan |  50.4 | 857.1
          Lair |  18.6 |  19.3 |   5.9 |  -nan |  49.6 | 3096.7
               +-------+-------+-------+-------+-------+----------------------

Vanquished Creatures
  An emperor scorpion (Lair:3)
  Fannar (Lair:2)
  A cyclops (D:11)
  4 spiny frogs
  A black mamba (Lair:1)
  A troll (Lair:2)
  A baby alligator (Lair:2)
  A trapdoor spider (D:10)
  A spriggan (D:8)
  2 deep elf magi
  12 yaks
  A steam dragon (shapeshifter) (Lair:2)
  2 hippogriffs
  2 water moccasins
  The ghost of staplegun the Stinger, an average VSVM (D:3)
  2 porcupines (Lair:1)
  A swamp drake (Lair:2)
  A wasp (D:11)
  7 orc warriors
  2 ice beasts (Lair:2)
  2 black bears
  2 phantoms (D:11)
  4 ogres
  2 sky beasts
  A necrophage (D:6)
  2 centaurs (D:7)
  3 crocodiles
  Duvessa (D:4)
  2 big kobolds
  9 giant frogs
  12 killer bees (D:10)
  4 scorpions
  An electric eel (D:11)
  Dowan (D:4)
  2 giant frog zombies
  5 goliath beetles
  2 jellies
  6 crimson imps
  7 orc priests
  2 centaur zombies
  7 hounds
  9 orc wizards
  A giant frog skeleton (D:11)
  A centaur skeleton (D:8)
  3 iguanas
  4 hell rats (Lair:2)
  10 worker ants
  2 killer bee zombies
  Ijyb (D:3)
  A hound zombie (D:8)
  A hound skeleton (D:8)
  7 gnolls
  16 adders
  17 river rats (Lair:1)
  2 giant mites
  4 shadow imps
  A worm (D:3)
  An ufetubus (D:6)
  2 orc zombies (D:9)
  2 adder skeletons
  An ooze (D:1)
  41 orcs
  9 bats
  A bat skeleton (D:8)
  A bat zombie (D:7)
  A giant cockroach (D:7)
  10 goblins
  20 hobgoblins
  10 quokkas
  9 giant geckos
  4 giant newts
  6 jackals
  A jackal skeleton (D:4)
  14 kobolds
  2 quokka skeletons
  A quokka zombie (D:6)
  14 rats
  A plant (D:10)
353 creatures vanquished.

Vanquished Creatures (collateral kills)
  A troll (D:10)
  Eustachio (D:6)
  A yak (Lair:2)
  A water moccasin (D:7)
  A crimson imp (D:6)
  An iron imp (Lair:2)
  A hound (D:5)
  9 orcs
  A quokka (D:9)
  A bat (D:9)
18 creatures vanquished.

Vanquished Creatures (others)
  A dancing weapon (D:10)
  A crimson imp (D:7)
  An orc priest (D:10)
  2 quasits (Lair:2)
  An iron imp (D:7)
  2 ufetubi
  3 fungi (D:10)
11 creatures vanquished.

Grand Total: 382 creatures vanquished

Notes
Turn   | Place    | Note
--------------------------------------------------------------
     0 | D:1      | gw, the Deep Dwarf Chaos Knight, began the quest for the Orb.
     0 | D:1      | Reached XP level 1. HP: 20/20 MP: 1/1
    28 | D:1      | XOM: silly message
    38 | D:1      | XOM: 1-stop teleportation journey
    57 | D:1      | XOM: potion effect (invisibility)
    64 | D:1      | Reached XP level 2. HP: 27/27 MP: 2/2
   493 | D:1      | XOM: harmless Necr miscast
   563 | D:1      | Gained mutation: You are clumsy. (Dex -2) [potion of mutation]
   563 | D:1      | Gained mutation: You occasionally shout uncontrollably at your foes. [potion of mutation]
   563 | D:1      | Gained mutation: You are frail (-10% HP). [potion of mutation]
   663 | D:2      | Reached XP level 3. HP: 28/30 MP: 3/3
  1079 | D:2      | XOM: butterfly on damage
  1079 | D:2      | XOM: smoke on damage
  1081 | D:2      | Reached skill level 4 in Maces & Flails
  1081 | D:2      | Reached XP level 4. HP: 22/37 MP: 4/4
  1318 | D:3      | Noticed Ijyb
  1325 | D:3      | Killed Ijyb
  1339 | D:3      | XOM: divination: detect creatures
  1410 | D:3      | Noticed staplegun's ghost (average VSVM)
  1417 | D:3      | Killed staplegun's ghost
  1417 | D:3      | Reached XP level 5. HP: 42/45 MP: 5/5
  1464 | D:3      | Reached skill level 5 in Maces & Flails
  1674 | D:3      | XOM: divination: detect items
  1695 | D:3      | Reached XP level 6. HP: 41/51 MP: 6/6
  1695 | D:3      | XOM: harmless Summ miscast
  1722 | D:3      | Found a shimmering altar of Xom.
  1740 | D:3      | XOM: mild Fire miscast
  1929 | D:3      | XOM: divination: detect creatures
  2080 | D:4      | XOM: harmless Erth miscast
  2144 | D:4      | XOM: silly message
  2243 | D:4      | Found a staircase to the Ecumenical Temple.
  2329 | D:4      | XOM: potion effect (haste)
  2595 | D:4      | XOM: harmless Tloc miscast
  2627 | D:4      | Reached skill level 6 in Maces & Flails
  2627 | D:4      | Reached XP level 7. HP: 43/59 MP: 7/7
  2629 | D:4      | Noticed Duvessa
  2631 | D:4      | XOM: harmless Fire miscast
  2635 | D:4      | Noticed Dowan
  2639 | D:4      | Killed Duvessa
  2649 | D:4      | Killed Dowan
  2765 | D:4      | XOM: harmless Air miscast
  2936 | D:4      | XOM: divination: detect creatures
  3063 | D:4      | XOM: divination: detect creatures
  3219 | D:4      | XOM: harmless Ice miscast
  3235 | D:5      | Entered Level 5 of the Dungeon
  3238 | D:5      | XOM: summons 7 friendly demons
  3302 | D:5      | Reached skill level 5 in Armour
  3612 | D:5      | XOM: harmless Conj miscast
  3630 | D:5      | XOM: give mutations
  3630 | D:5      | Gained mutation: Your body is slowly deteriorating. [Xom's mischief]
  3630 | D:5      | Gained mutation: Scrolls take you a little longer to read. [Xom's mischief]
  3892 | D:6      | XOM: noise
  3964 | D:6      | XOM: blink monster(s)
  4039 | D:6      | Noticed Eustachio
  4052 | D:6      | Reached skill level 5 in Fighting
  4052 | D:6      | Reached skill level 1 in Crossbows
  4065 | D:6      | Reached skill level 7 in Maces & Flails
  4065 | D:6      | Reached XP level 8. HP: 45/64 MP: 8/8
  4140 | D:6      | Found Ziobe's Antique Weapon Shoppe.
  4181 | D:6      | XOM: summons friendly ufetubus
  4279 | D:6      | XOM: divination: detect creatures
  4281 | D:6      | XOM: summons 8 friendly demons
  4293 | D:6      | Killed Eustachio
  4391 | D:6      | XOM: god gift: scroll labeled PHASYTHUIREA
  4633 | D:7      | XOM: enchant monster (good)
  4703 | D:7      | XOM: cast spell 'Excruciating Wounds'
  4704 | D:7      | Reached skill level 8 in Maces & Flails
  4768 | D:7      | XOM: chaos cloud
  4779 | D:7      | XOM: summons 2 friendly demons
  5143 | D:7      | XOM: noise
  5148 | D:7      | Gained mutation: You passively map the area around you. [level up]
  5148 | D:7      | Reached XP level 9. HP: 43/70 MP: 9/9
  5154 | D:7      | XOM: summons 3 hostile shadow creatures
  5277 | D:7      | XOM: chaos cloud
  5510 | D:7      | XOM: harmless Necr miscast
  5579 | D:7      | XOM: confusion (+ monsters)
  5668 | D:7      | XOM: summons 4 hostile shadow creatures
  5732 | D:7      | XOM: colour smoke trail
  5801 | D:7      | XOM: harmless Hex miscast
  5854 | D:7      | XOM: god gift: 15 stones
  6058 | D:8      | Found a shadowy altar of Dithmenos.
  6177 | D:8      | Found a sacrificial altar of Ru.
  6177 | D:8      | XOM: 2-stop teleportation journey
  6254 | D:8      | Reached skill level 9 in Maces & Flails
  6295 | D:8      | XOM: divination: detect creatures
  6359 | D:8      | XOM: polymorph orc -> hobgoblin
  6369 | D:8      | XOM: swap monsters
  6469 | D:8      | XOM: give mutations
  6469 | D:8      | Gained mutation: You are very clumsy. (Dex -4) [Xom's mischief]
  6469 | D:8      | Gained mutation: Armour fits poorly on your strangely shaped body. [Xom's mischief]
  6521 | D:8      | Found a deep blue altar of Sif Muna.
  6696 | D:8      | XOM: confusion
  6718 | D:8      | XOM: vitrification
  6795 | D:9      | XOM: potion effect (agility)
  6860 | D:9      | XOM: silly message
  7110 | D:9      | XOM: summons friendly quasit
  7227 | D:9      | Found a sacrificial altar of Ru.
  7281 | D:9      | Reached skill level 5 in Crossbows
  7385 | D:10     | Entered Level 10 of the Dungeon
  7443 | D:10     | XOM: give mutations
  7443 | D:10     | Lost mutation: Armour fits poorly on your strangely shaped body. [Xom's mischief]
  7443 | D:10     | Lost mutation: Scrolls take you a little longer to read. [Xom's mischief]
  7450 | D:10     | XOM: mild Chrm miscast
  7459 | D:10     | XOM: medium Trmt miscast
  7463 | D:10     | XOM: enchant monster (bad)
  7464 | D:10     | Reached skill level 10 in Maces & Flails
  7466 | D:10     | XOM: give mutations
  7466 | D:10     | Lost mutation: Your body is slowly deteriorating. [Xom's mischief]
  7466 | D:10     | Gained mutation: You sometimes yell uncontrollably at your foes. [Xom's mischief]
  7466 | D:10     | Gained mutation: You are weak. (Str -2) [Xom's mischief]
  7466 | D:10     | Lost mutation: You are very clumsy. (Dex -4) [Xom's mischief]
  7527 | D:10     | Reached XP level 10. HP: 46/79 MP: 7/7
  7665 | D:10     | Found a staircase to the Lair.
  7754 | D:10     | XOM: mild Pois miscast
  7853 | D:10     | XOM: vitrification
  7875 | D:10     | XOM: god gift: flickering amber ring {god gift}
  7897 | D:10     | XOM: cast spell 'Call Canine Familiar'
  8113 | D:10     | XOM: enchant monster (good)
  8155 | D:10     | XOM: vitrification
  8177 | D:10     | XOM: summons 6 friendly demons
  8182 | D:10     | Found a roughly hewn altar of Beogh.
  8186 | D:10     | Found a staircase to the Orcish Mines.
  8375 | D:10     | XOM: confuse monster(s)
  8689 | D:10     | XOM: enchant monster (good)
  8691 | D:10     | XOM: summons friendly white imp
  8713 | D:10     | XOM: noise
  9022 | D:11     | Noticed a cyclops
  9034 | D:11     | Killed a cyclops
  9034 | D:11     | Reached skill level 11 in Maces & Flails
  9061 | D:11     | XOM: give mutations
  9061 | D:11     | Gained mutation: You can breathe flames. [Xom's grace]
  9061 | D:11     | Gained mutation: You have sharp toenails. [Xom's grace]
  9061 | D:11     | Lost mutation: You are clumsy. (Dex -2) [Xom's grace]
  9081 | D:11     | XOM: summons 3 hostile shadow creatures
  9603 | Lair:1   | Entered Level 1 of the Lair of Beasts
  9625 | Lair:1   | XOM: confuse monster(s)
  9628 | Lair:1   | XOM: potion effect (invisibility)
  9665 | Lair:1   | XOM: vitrification
  9751 | Lair:1   | XOM: destruction
  9909 | Lair:1   | XOM: swap monsters
  9927 | Lair:1   | XOM: confuse monster(s)
  9942 | Lair:1   | XOM: swap monsters
  9973 | Lair:1   | Reached XP level 11. HP: 65/89 MP: 4/4
 10096 | Lair:1   | XOM: swap monsters
 10331 | Lair:1   | Found a stormy altar of Qazlal.
 10443 | Lair:1   | Noticed a black mamba
 10448 | Lair:1   | Killed a black mamba
 10778 | Lair:1   | XOM: vitrification
 10895 | Lair:1   | XOM: polymorph butterfly -> adder
 10996 | Lair:2   | XOM: summons 4 friendly demons
 11003 | Lair:2   | Reached skill level 12 in Maces & Flails
 11030 | Lair:2   | XOM: fog
 11082 | Lair:2   | XOM: enchant monster (good)
 11185 | Lair:2   | Got a warped cloak
 11191 | Lair:2   | Identified the cursed +0 cloak of Intercession {-Cast rF++} (You found it on level 2 of the Lair of Beasts)
 11279 | Lair:2   | Noticed Fannar
 11280 | Lair:2   | XOM: polymorph ice beast -> swamp drake
 11319 | Lair:2   | Killed Fannar
 11535 | Lair:2   | XOM: summons 2 friendly demons
 11546 | Lair:2   | XOM: polymorph yak -> troll
 11556 | Lair:2   | XOM: confuse monster(s)
 11569 | Lair:2   | XOM: polymorph yak -> quokka
 11608 | Lair:2   | XOM: enchant monster (good)
 11611 | Lair:2   | XOM: enchant monster (good)
 11630 | Lair:2   | XOM: destruction
 11637 | Lair:2   | XOM: polymorph yak -> baby alligator
 12043 | Lair:3   | XOM: mild Chrm miscast
 12050 | Lair:3   | Noticed a six-headed hydra
 12058 | Lair:3   | Noticed an emperor scorpion
 12058 | Lair:3   | XOM: polymorph something unseen -> emperor scorpion
 12063 | Lair:3   | XOM: smoke on damage
 12075 | Lair:3   | XOM: potion effect (brilliance)
 12079 | Lair:3   | XOM: confuse monster(s)
 12091 | Lair:3   | XOM: summons 2 friendly demons
 12106 | Lair:3   | XOM: potion effect (heal wounds)
 12118 | Lair:3   | XOM: swap monsters
 12123 | Lair:3   | XOM: fog
 12157 | Lair:3   | XOM: divine lightning (protected)
 12158 | Lair:3   | XOM: smoke on damage
 12159 | Lair:3   | XOM: confuse monster(s)
 12161 | Lair:3   | XOM: 1-stop teleportation journey
 12182 | Lair:3   | XOM: severe Erth miscast
 12221 | Lair:3   | Killed an emperor scorpion
 12263 | Lair:3   | Noticed a five-headed hydra
 12265 | Lair:3   | XOM: chaos cloud
 12266 | Lair:3   | Paralysed by you for 3 turns
 12279 | Lair:3   | HP: 3/90 [five-headed hydra (3)]
 12282 | Lair:3   | Slain by a five-headed hydra

Action                   |  1- 3 |  4- 6 |  7- 9 | 10-12 || total
-------------------------+-------+-------+-------+-------++-------
Melee: Mace              |    68 |    39 |       |       ||   107
       Flail             |       |    80 |   328 |       ||   408
       Morningstar       |       |       |   111 |   306 ||   417
       Dire flail        |       |       |       |   293 ||   293
 Fire: Hand crossbow     |       |       |    70 |   209 ||   279
 Abil: Evoke Berserk Rag |       |       |     1 |       ||     1
       Device Recharging |       |       |     3 |     8 ||    11
       Breathe Fire      |       |       |       |    34 ||    34
Evoke: Wand              |     1 |     2 |    18 |    48 ||    69
  Use: Potion            |     2 |     6 |    12 |    11 ||    31
       Scroll            |     1 |     6 |    12 |     8 ||    27
 Stab: Invisible         |     2 |       |       |     1 ||     3
       Paralysed         |       |       |     2 |       ||     2
  Eat: Chunk             |     1 |     6 |    19 |    12 ||    38
       Bread ration      |       |       |       |     2 ||     2

Vault maps used:
D:1:      dpeg_arrival_connections
D:2:      minmay_misc_feat_x, dk_vineyard_1
D:3:      lemuel_crystal_altar, first_bread, minivault_27, uniq_iyjb
D:4:      minmay_temple_entry_hall, uniq_duvessa
D:6:      serial_shops, kennysheep_mini, kennysheep_generic_room_4,
          uniq_eustachio
D:8:      kennysheep_little_box, basic_altar, grunt_pizzeria,
          minmay_tree_intersection, nicolae_ru_sacrificial_ziggurat
D:9:      lemuel_coloured_pillars_altar
D:10:     due_lair_maze_entry_diamond, david_orc_5
D:11:     minmay_fountain_box, minmay_misc_feat_tower, minmay_crystal_water,
          nooodl_food_tri
Lair:1:   basic_altar
Lair:2:   lemuel_fruit_fields, bh_autumn_forest_stairs, lemuel_fruit_tree,
          uniq_fannar
Lair:3:   st_stairs_6
